 Dungeon Crawl Stone Soup version 0.26.0-10-g1f06aea511 (webtiles) character file.

Game seed: 18412490894157297651

4 inc the Vexing (level 1, 4/7 HPs)
             Began as a Felid Enchanter on Feb 2, 2021.
             Quit the game on level 1 of the Dungeon.
             The game lasted 00:00:50 (559 turns).

inc the Vexing (Felid Enchanter)                     Turns: 559, Time: 00:00:51

Health: 4/7        AC:  1    Str:  2    XL:     1   Next: 50%
Magic:  4/4        EV: 18    Int: 16    God:
Gold:   11         SH:  0    Dex: 16    Spells: 3/4 levels left
                                        Lives:  0   Deaths: 0

rFire    . . .     SeeInvis +     - Unarmed
rCold    . . .     Faith    .   (shield unavailable)
rNeg     . . .     Spirit   .   (armour unavailable)
rPois    .         Reflect  .   (helmet unavailable)
rElec    .         Harm     .   (cloak unavailable)
rCorr    .         Rampage  .   (gloves unavailable)
Will     .....                  (boots unavailable)
Stlth    +++.......             (no amulet)
HPRegen  0.02/turn              (no ring)
MPRegen  0.09/turn              (no ring)

@: lethally poisoned (4 -> 0), quick
A: very small, no armour, no weapons or thrown items, stealth, claws 1, fangs 3,
see invisible, speed 1, mutation resistance 1, screaming 1, shaggy fur 1, weak
1, sharp paws
a: no special abilities


You were on level 1 of the Dungeon.
You visited 1 branch of the dungeon, and saw 1 of its levels.

You collected 11 gold pieces.

You aren't carrying anything.


   Skills:
 - Level 2.6 Dodging
 - Level 4.0 Stealth
 + Level 1.6 Unarmed Combat
 - Level 2.0 Spellcasting
 - Level 4.4 Hexes


You had 3 spell levels left.
You knew the following spells:

 Your Spells              Type           Power        Failure   Level
a - Corona                Hex            16%          3%          1

Your spell library contained the following spells:

 Spells                   Type           Power        Failure   Level
 Confusing Touch          Hex            15%          11%         3
 Tukima's Dance           Hex            15%          11%         3
 Ensorcelled Hibernation  Hex/Ice        16%          13%         2
 Dazzling Flash           Conj/Hex       16%          26%         3


Dungeon Overview and Level Annotations

Branches:
Dungeon (1/15)

Altars:


Innate Abilities, Weirdness & Mutations

You cannot wear armour.
You are incapable of wielding weapons or throwing items.
Your paws allow you to move quietly. (Stealth)
You have sharp claws.
You have razor-sharp teeth.
You have supernaturally acute eyesight. (SInv)
You cover ground quickly.
You are covered in fur. (AC +1)
Your sharp claws are effective at attacking unaware monsters.
You are somewhat resistant to further mutation.
You occasionally shout uncontrollably at your foes.
You are weak. (Str -2)


Message History

Aim: a kobold, wielding a +0 dagger of venom (chance to affect: 69%)
The kobold is outlined in light.
You closely miss the kobold. The kobold misses you.
You scratch the kobold.
The kobold is moderately wounded.
The kobold hits you but does no damage.
You are poisoned.
You scratch the kobold but do no damage.
You feel sick.
The kobold stops glowing.
The kobold closely misses you.
You scratch the kobold.
You kill the kobold!
No target in view!
No target in view!
You start resting.
You feel sick.
You start resting.
Magic restored.
You start resting.
You feel sick.
It was a potion of mutation.
You feel extremely strange.
You feel weaker.
You feel the urge to shout.
You feel genetically stable.
Are you sure you want to abandon this character and quit the game? (Confirm with "yes".)

#.# .#. #.# # ... #.#
. ..# #.# #. #.# #.#
#. #.# #.# ##.# #.#
#.#
##...#####.########.#
#.........).@..)...[#
#$.........##########
...>..#.####.# #.#.#
#.# #.# # #K# #.# ..#
#.# ### #.# ..# ###


There were no monsters in sight!

Vanquished Creatures
  A goblin (D:1)
  A hobgoblin (D:1)
  A kobold (D:1)
  A rat (D:1)
4 creatures vanquished.

Notes
Turn   | Place    | Note
-------+----------+-------------------------------------------
     0 | D:1      | inc the Felid Enchanter began the quest for the Orb.
     0 | D:1      | Reached XP level 1. HP: 7/7 MP: 4/4
   558 | D:1      | Gained mutation: You are weak. (Str -2) [potion of
                  | mutation]
   558 | D:1      | Gained mutation: You occasionally shout uncontrollably at
                  | your foes. [potion of mutation]
   558 | D:1      | Gained mutation: You are somewhat resistant to further
                  | mutation. [potion of mutation]
   559 | D:1      | Quit the game

Illustrated notes

Levels and vault maps discovered:
D:1:      saegor_arrival_under_anarchy, layout_loops_ring,
          minmay_misc_feat_enclosed, minmay_strange_pillars

Action                   || total
-------------------------++-------
Melee: Unarmed           ||    14
       Bite              ||     1
 Cast: Corona            ||     5
  Use: Potion            ||     1
Armor: Skin              ||     1
Dodge: Dodged            ||     6
